 Dungeon Crawl Stone Soup version 0.27-a0-1147-gb3d8e82157 (webtiles) character file.

Game seed: 13721523808115643915

29 Shayle the Sneak (level 3, -1/24 HPs)
             Began as a Demonspawn Enchanter on May 11, 2021.
             Slain by a crimson imp (2 damage)
             ... summoned by Natasha
             ... on level 2 of the Dungeon.
             The game lasted 00:02:02 (1674 turns).

Shayle the Sneak (Demonspawn Enchanter)             Turns: 1674, Time: 00:02:03

Health: -1/24      AC:  2    Str:  8    XL:     3   Next: 1%
Magic:  6/6        EV: 12    Int: 17    God:
Gold:   18         SH:  0    Dex: 13    Spells: 5/6 levels left

rFire    . . .     SeeInvis .   a - +1 dagger
rCold    . . .     Faith    .   (no shield)
rNeg     . . .     Spirit   .   b - +0 robe
rPois    +         Reflect  .   (no helmet)
rElec    .         Harm     .   (no cloak)
rCorr    .         Rampage  .   (no gloves)
Will     .....                  (no boots)
Stlth    ++........             (no amulet)
HPRegen  0.08/turn              g - ring of poison resistance
MPRegen  0.10/turn              (no ring)

@: about to teleport
A: hooves 1
a: no special abilities


You were on level 2 of the Dungeon.
You visited 1 branch of the dungeon, and saw 2 of its levels.

You collected 18 gold pieces.

Inventory:

Hand Weapons
 a - a +1 dagger (weapon)
Armour
 b - a +0 robe (worn)
Jewellery
 d - a ring of see invisible
 g - a ring of poison resistance (left hand)
Scrolls
 c - a scroll of teleportation
 e - a scroll of vulnerability {unknown}
 f - 2 scrolls of fear {unknown}


   Skills:
 - Level 0.8 Short Blades
 - Level 1.7 Dodging
 + Level 4.0 Stealth
 - Level 2.0 Spellcasting
 - Level 3.0 Hexes


You had 5 spell levels left.
You knew the following spells:

 Your Spells              Type           Power      Damage    Failure   Level
a - Corona                Hex            12%        N/A       5%          1

Your spell library contained the following spells:

 Spells                   Type           Power      Damage    Failure   Level
 Ensorcelled Hibernation  Hex/Ice        12%        N/A       16%         2
 Confusing Touch          Hex            11%        N/A       17%         3
 Tukima's Dance           Hex            11%        N/A       17%         3
 Dazzling Flash           Conj/Hex       12%        N/A       30%         3


Dungeon Overview and Level Annotations

Branches:
Dungeon (2/15)

Altars:

Annotations:
D:2 Natasha


Innate Abilities, Weirdness & Mutations

You have large cloven feet.


Message History

There is a stone staircase leading down here.
You climb downwards.
Found a leather armour.
There is a stone staircase leading up here.
Found a stone staircase leading down.
Natasha, Servant of Life and Death comes into view.
She is carrying a wand of flame (11).
Natasha hisses angrily.
Natasha closely misses you.
You hit Natasha.
Natasha is lightly wounded.
Natasha zaps a wand.
The puff of flame misses you.
You barely miss Natasha. You kick Natasha, but do no damage.
Natasha is lightly wounded.
Natasha casts a spell.
You hit Natasha. Your kick misses Natasha.
Natasha is lightly wounded.
Natasha zaps a wand.
The puff of flame hits you!
The crimson imp summons a swarm of flies.
The crimson imp hits you but does no damage.
You hit Natasha.
Natasha is moderately wounded.
Natasha claws you.
You closely miss Natasha. Your kick misses Natasha.
Natasha is moderately wounded.
The crimson imp hits you but does no damage.
Natasha zaps a wand.
The puff of flame hits you!
* * * LOW HITPOINT WARNING * * *
You closely miss Natasha. Your kick misses Natasha.
Natasha is moderately wounded.
The crimson imp hits you.
* * * LOW HITPOINT WARNING * * *
Unknown command.
You aren't carrying any potions.
Okay, then.
As you read the scroll labelled PUAPSISUPH, it crumbles to dust.
You feel strangely unstable.
It was a scroll of teleportation.
Natasha claws you.
* * * LOW HITPOINT WARNING * * *
The crimson imp hits you.
You die...

#...# ###.#
#.## #..# ##.#
.
######.##....
#.............
#.............
#.@5....#.....
#h....>.#.....
#######.# ....
... ...
#..#### ...


You could see Natasha and a crimson imp (summoned).

Vanquished Creatures
  A dart slug (D:1)
  2 endoplasms (D:1)
  5 giant cockroaches (D:1)
  4 goblins (D:1)
  4 hobgoblins (D:1)
  3 kobolds (D:1)
  2 bats (D:1)
  A frilled lizard (D:1)
  A rat (D:1)
23 creatures vanquished.

Notes
Turn   | Place    | Note
-------+----------+-------------------------------------------
     0 | D:1      | Shayle the Demonspawn Enchanter began the quest for the
                  | Orb.
     0 | D:1      | Reached XP level 1. HP: 13/13 MP: 3/3
   131 | D:1      | Reached skill level 3 in Stealth
   365 | D:1      | Gained mutation: You have large cloven feet. [demonic
                  | ancestry]
   365 | D:1      | Reached XP level 2. HP: 19/19 MP: 5/5
  1590 | D:1      | Reached skill level 4 in Stealth
  1644 | D:1      | Reached XP level 3. HP: 24/24 MP: 6/6
  1663 | D:2      | Noticed Natasha
  1674 | D:2      | HP: 1/24 [Natasha (1)]
  1674 | D:2      | Slain by a crimson imp

Illustrated notes

Levels and vault maps discovered:
D:1:      matt_arrival_diagonals, layout_basic
D:2:      layout_rooms, hellmonk_ecumenical_altar_run_dry, uniq_natasha

Skill      XL: |  1  2 |
---------------+-------+-----
Stealth        | 3 4 |  4.0
Short Blades   | |  0.8
Dodging        | |  1.7
Spellcasting   | |  2.0
Hexes          | |  3.0

Action                   || total
-------------------------++-------
Melee: Dagger            ||   115
       Kick              ||    11
  Use: Scroll            ||     1
 Stab: Sleeping          ||     4
Armor: Robe              ||    23
Dodge: Dodged            ||    89

Table legend: (Time is in decaauts)
 A = Elapsed time spent in this place.
 B = Non-inter-level travel time spent in this place.
 C = Inter-level travel time spent in this place.
 D = Time resting spent in this place.
 E = Time spent auto-exploring this place.
 F = Levels seen in this place.
 G = Mean time per level.
                   A        B        C        D        E       F      G
               +--------+--------+--------+--------+--------+-----+--------+
         Total |   1669 |   1664 |      5 |    586 |    802 |   2 |  834.5 |
       Dungeon |   1669 |   1664 |      5 |    586 |    802 |   2 |  834.5 |
               +--------+--------+--------+--------+--------+-----+--------+

Top non-repeatable levels by time:
     D:1: 1644 daAuts
     D:2: 24 daAuts
